 Dungeon Crawl Stone Soup version 0.30-a0-918-g0ff054e9dc (webtiles) character file.

Game seed: 14318634809246060530

64617 cforsyth the Warrior (level 15, -2/135 HPs)
             Began as a Human Fighter on Mar 20, 2023.
             Was the Champion of Okawaru.
             Slain by a catoblepas (22 damage)
             ... on level 5 of the Lair of Beasts on Mar 21, 2023.
             The game lasted 00:33:08 (17732 turns).

cforsyth the Warrior (Human Fighter)               Turns: 17732, Time: 00:33:08

Health: -2/135     AC: 19    Str: 23    XL:     15   Next: 54%
Magic:  17/17      EV:  7    Int: 10    God:    Okawaru [******]
Gold:   2641       SH: 11    Dex: 18    Spells: 14/14 levels left

rFire   . . .      SeeInvis .    W - +3 eveningstar (venom)
rCold   . . .      Faith    .    l - +0 kite shield "Ypratuklo" {rElec Will+}
rNeg    . . .      Spirit   .    C - +0 plate armour
rPois   .          Reflect  .    u - +1 helmet
rElec   +          Rampage  .    s - +2 cloak "Hinay" {rElec Regen+}
rCorr   .                        (no gloves)
Will    +++..                    (no boots) Stlth
                                 y - amulet of magic regeneration
HPRegen 1.22/turn                p - +6 ring of dexterity
MPRegen 0.55/turn                o - ring of willpower

@: about to teleport
A: no striking features
a: Renounce Religion, Heroism, Finesse, Duel


You were on level 5 of the Lair of Beasts.
You worshipped Okawaru.
Okawaru was exalted by your worship.
You visited 3 branches of the dungeon, and saw 18 of its levels.
You also visited: Bailey and Ice Cave.

You collected 2641 gold pieces.

Inventory:

Hand Weapons
 a - a +1 flail
 A - a +4 heavy flail
 W - a +3 eveningstar of venom (weapon)
Missiles
 L - a throwing net (quivered)
Armour
 l - the +0 kite shield "Ypratuklo" (worn) {rElec Will+}
   (Okawaru gifted it to you on level 12 of the Dungeon)

   rElec:     It insulates you from electricity.
   Will:      It increases your willpower.
 s - the +2 cloak "Hinay" (worn) {rElec Regen+}
   (You found it on level 2 of the Dungeon)

   rElec:     It insulates you from electricity.
   Regen:     It increases your rate of health regeneration.
 u - a +1 helmet (worn)
 B - a +0 kite shield
 C - a +0 plate armour (worn)
 O - the scarf "Iwickol" {repulsion, rElec rPois Str+2 Int+2}
   (Okawaru gifted it to you in a bailey)

   Str:       It affects your strength (+2).
   Int:       It affects your intelligence (+2).
   rElec:     It insulates you from electricity.
   rPois:     It protects you from poison.
Jewellery
 b - a ring of positive energy
 j - a ring of resist corrosion
 o - a ring of willpower (right hand)
 p - a +6 ring of dexterity (left hand)
 y - an amulet of magic regeneration (around neck)
 I - a +4 ring of protection
 K - a ring of protection from fire
 U - a ring of willpower
Wands
 c - a wand of polymorph (20)
 i - a wand of paralysis (10)
 q - a wand of digging (9)
 G - a wand of roots (11)
 J - a wand of mindburst (7)
 M - a wand of flame (49)
Scrolls
 e - a scroll of enchant weapon
 f - 3 scrolls of fear
 g - 6 scrolls of enchant armour
 k - 4 scrolls of magic mapping
 m - 2 scrolls of vulnerability
 n - 9 scrolls of teleportation
 r - 3 scrolls of poison
 t - 2 scrolls of immolation
 w - 2 scrolls of amnesia
 D - 3 scrolls of brand weapon
 H - 3 scrolls of torment
 R - 2 scrolls of blinking
 S - 6 scrolls of identify
Potions
 d - 3 potions of haste
 h - 4 potions of heal wounds
 v - a potion of berserk rage
 x - 5 potions of curing
 z - a potion of ambrosia
 E - 2 potions of cancellation
 F - 5 potions of mutation
 N - a potion of might
 P - a potion of invisibility
 Q - 2 potions of attraction
 T - 2 potions of magic
 V - a potion of brilliance


   Skills:
 + Level 17.6 Fighting
 - Level 16.0 Maces & Flails
 + Level 8.6 Armour
 + Level 2.4 Dodging
 + Level 8.5 Shields
 + Level 2.9 Invocations


You had 14 spell levels left.
You didn't know any spells.
Your spell library contained the following spells:

 Spells                   Type           Power      Damage    Failure   Level
 Kiss of Death            Conj/Necr      0%         2d5       100%        1
 Magic Dart               Conj           0%         1d3       100%        1
 Shock                    Conj/Air       0%         1d3       100%        1
 Slow                     Hex            0%         N/A       100%        1
 Sting                    Tmut/Pois      0%         1d3       100%        1
 Cigotuvi's Dreadful Rot  Necr/Pois/Air  0%         N/A       100%        2
 Poisonous Vapours        Pois/Air       0%         N/A       100%        2
 Scorch                   Fire           0%         2d5       100%        2
 Static Discharge         Conj/Air       0%         2-2/arc   100%        2
 Confusing Touch          Hex            0%         N/A       100%        3
 Frozen Ramparts          Ice            0%         1d1       100%        3
 Mephitic Cloud           Conj/Pois/Air  0%         N/A       100%        3
 Stone Arrow              Conj/Erth      0%         3d7       100%        3
 Swiftness                Air            0%         N/A       100%        3
 Vampiric Draining        Necr           0%         2d6       100%        3
 Vhi's Electric Charge    Tloc/Air       0%         N/A       100%        3
 Airstrike                Air            0%         2d(0-16)  100%        4
 Dispel Undead            Necr           0%         3d6       100%        4
 Flame Wave               Conj/Fire      0%         2d4       100%        4
 Ice Form                 Ice/Tmut       0%         N/A       100%        4
 Olgreb's Toxic Radiance  Pois           0%         N/A       100%        4
 Alistair's Intoxication  Tmut/Pois      0%         N/A       100%        5
 Arcjolt                  Conj/Air       0%         1d10      100%        5
 Borgnjor's Vile Clutch   Necr/Erth      0%         N/A       100%        5
 Plasma Beam              Fire/Air       0%         2x1d11    100%        5
 Conjure Ball Lightning   Conj/Air       0%         3x3d6     100%        6
 Eringya's Noxious Bog    Tmut/Pois      0%         N/A       100%        6
 Orb of Destruction       Conj           0%         9d5       100%        7
 Discord                  Hex            0%         N/A       100%        8
 Disjunction              Tloc           0%         N/A       100%        8
 Lehudib's Crystal Spear  Conj/Erth      0%         10d2      100%        8
 Call Imp                 Summ           Unusable   N/A       N/A         2
 Summon Guardian Golem    Hex/Summ       Unusable   N/A       N/A         3
 Animate Armour           Summ/Erth      Unusable   N/A       N/A         4
 Summon Ice Beast         Ice/Summ       Unusable   N/A       N/A         4
 Summon Cactus Giant      Summ           Unusable   N/A       N/A         6
 Spellforged Servitor     Conj/Summ      Unusable   N/A       N/A         7

Dungeon Overview and Level Annotations

Branches:
Dungeon (12/15)            Temple (1/1) D:5            Lair (5/5) D:9
 Shoals (0/4) Lair:2       Spider (0/4) Lair:2        Slime (0/5) Lair:4
    Orc (0/2) D:11         Bailey (visited)           IceCv (visited)

Altars:
Cheibriados
Elyvilon
Fedhas
Gozag
Hepliaklqana
Okawaru
Ru
Sif Muna
Trog
Uskayaw
Vehumet
Xom
Yredelemnul
Zin
The Shining One
Jiyva

Shops:
D:9 *

Annotations:
D:11 3 runed translucent doors, a11behringer's ghost, journeyman AtBe
Lair:1 1 runed translucent door, bobarctor's ghost, novice DsVM
Lair:4 1 runed translucent door


Message History

The eight-headed hydra looks as sick as possible!
The eight-headed hydra is severely wounded.
You feel sick.
Unknown command.
You bludgeon the eight-headed hydra!!
You kill the eight-headed hydra!
Okawaru accepts your kill. Okawaru grants you a weapon!
Something appears at your feet!
You see here the +0 dire flail "Plog" {speed, *Rage Int+7 Dex-3 Stlth+}.
The wolf bites you but does no damage.
You feel sick.
You are no longer poisoned.
A torpor snail comes into view.
Being near the torpor snail leaves you feeling lethargic.
You block the wolf's attack. You block the wolf's attack.
As you read the scroll of teleportation, it crumbles to dust.
You feel strangely unstable. The wolf bites you.
* * * LOW HITPOINT WARNING * * *
The wolf bites you but does no damage. You block the elephant's attack. x2
The wolf completely misses you. The wolf attacks as you move away!
You block the wolf's attack. x2
The wolf attacks as you move away! You block the wolf's attack.
Your surroundings suddenly seem different. 4 death yaks, a catoblepas, a dire elephant and a black mamba come into view.
Found four items.
The death yak bellows! x4; The catoblepas bellows!
The dire elephant trumpets!
The death yak gores you but does no damage.
As you read the scroll of teleportation, it crumbles to dust.
You feel strangely unstable.
You feel yourself speed up.
A deep troll shaman comes into view.
You block the catoblepas's attack. You block the death yak's attack.
The death yak gores you.
* * * LOW HITPOINT WARNING * * *
The death yak gores you!
* * * LOW HITPOINT WARNING * * *
You block the death yak's attack. The catoblepas gores you!!
You die...

.... ##...
##.÷..
###...÷#
##.....Y#
..÷.....##
.8....YY.#
#SY@Y#
##...#
#..÷#
Y.÷.#
..8.##
.T...#
..÷..##
$.8.8.


You could see a dire elephant, 4 death yaks, a catoblepas, a deep troll shaman
(wandering) and a black mamba.

Vanquished Creatures
  A dire elephant (Lair:2)
  2 vault guards (Bailey)
  3 hydras
  2 boulder beetles
  5 two-headed ogres
  4 death yaks (Lair:3)
  Sonja (Lair:4)
  3 deep elf pyromancers (D:12)
  4 ugly things
  An oklob plant (Lair:3)
  A manticore (D:12)
  A cyclops (D:12)
  Maurice (D:9)
  9 black mambas
  2 ice statues (IceCv)
  34 elephants
  Joseph (D:8)
  6 torpor snails
  3 gargoyles
  3 rime drakes
  An unseen horror (D:11)
  9 cane toads
  An efreet (D:12)
  8 komodo dragons
  6 trolls
  A hornet (D:9)
  Prince Ribbit (Bailey)
  9 blink frogs
  9 dream sheep
  A spriggan (Lair:2)
  4 wyverns
  Eustachio (D:4)
  A basilisk (Lair:2)
  70 yaks
  3 wraiths
  6 humans (Bailey)
  5 vampire mosquitoes
  A death yak simulacrum (IceCv)
  Edmund (D:6)
  14 water moccasins
  4 black bears
  An ice beast (D:8)
  4 orc warriors
  2 sky beasts
  3 ogres
  2 centaurs (D:10)
  A phantom (D:5)
  11 wolves
  2 kobold brigands
  22 bullfrogs
  A gnoll sergeant (D:8)
  A cane toad simulacrum (IceCv)
  7 scorpions
  3 wights (D:8)
  12 killer bees
  2 electric eels (D:10)
  4 howler monkeys
  7 hounds
  6 orc priests
  2 jellies (D:9)
  A sleepcap (D:7)
  Ijyb (D:3)
  3 iguanas (D:6)
  Natasha (thrice) (D:2)
  10 orc wizards
  2 polar bear simulacra (IceCv)
  A mummy (D:4)
  9 adders
  3 gnolls
  2 shadow imps
  A white imp (D:7)
  2 worms (Lair:2)
  A dart slug (D:3)
  38 orcs
  6 ball pythons
  5 endoplasms
  3 giant cockroaches
  16 goblins
  9 hobgoblins
  3 jackals (D:3)
  3 quokkas
  8 bats
  7 frilled lizards
  14 kobolds
  2 rats
489 creatures vanquished.

Vanquished Creatures (others)
  A vampire mosquito (D:12)
  118 fungi
  151 plants
270 creatures vanquished.

Grand Total: 759 creatures vanquished

Notes
Turn   | Place    | Note
-------+----------+-------------------------------------------
     0 | D:1      | cforsyth the Human Fighter began the quest for the Orb.
     0 | D:1      | Reached XP level 1. HP: 18/18 MP: 1/1
     6 | D:1      | Noticed a wyvern
     6 | D:1      | Noticed a lindwurm
     6 | D:1      | Noticed a snapping turtle
     7 | D:1      | Noticed a hound
   152 | D:1      | Reached XP level 2. HP: 24/24 MP: 2/2
   280 | D:1      | Reached XP level 3. HP: 28/29 MP: 3/3
   807 | D:2      | Identified the +2 cloak "Hinay" {rElec Regen+}
   963 | D:2      | Noticed Natasha
   969 | D:2      | Killed Natasha
   970 | D:2      | Reached XP level 4. HP: 33/35 MP: 4/4
  1034 | D:2      | Found a glowing silver altar of Zin.
  1228 | D:2      | Found a faded altar of an unknown god.
  1423 | D:2      | Noticed Natasha
  1439 | D:2      | Killed Natasha
  1440 | D:2      | Reached XP level 5. HP: 16/42 MP: 5/5
  1659 | D:3      | Noticed Ijyb
  1670 | D:3      | HP: 2/42 [Ijyb/+4 club (5)]
  1676 | D:3      | Killed Ijyb
  1879 | D:3      | Reached skill level 4 in Fighting
  2167 | D:3      | Reached XP level 6. HP: 48/48 MP: 6/6
  2306 | D:3      | Found a bloodstained altar of Trog.
  2369 | D:3      | Noticed a +0 spear
  2370 | D:3      | Noticed a +0 falchion
  2370 | D:3      | Noticed a +0 dagger
  2370 | D:3      | Noticed a +0 dagger
  2370 | D:3      | Noticed a +0 short sword
  2370 | D:3      | Noticed a +0 spear
  2371 | D:3      | Noticed a +0 falchion
  2371 | D:3      | Noticed a +0 short sword
  2411 | D:3      | Found a hide-covered altar of Uskayaw.
  2582 | D:4      | Noticed an ogre
  2813 | D:4      | Killed an ogre
  3055 | D:2      | Noticed Natasha
  3061 | D:2      | Killed Natasha
  3062 | D:2      | Reached XP level 7. HP: 48/55 MP: 7/7
  3276 | D:4      | Found a snail-covered altar of Cheibriados.
  3364 | D:5      | Entered Level 5 of the Dungeon
  3441 | D:5      | Noticed Eustachio
  3490 | D:4      | Killed Eustachio
  3491 | D:4      | Reached skill level 5 in Fighting
  3491 | D:4      | Reached skill level 5 in Armour
  3491 | D:4      | Reached skill level 5 in Shields
  3559 | D:5      | Reached XP level 8. HP: 62/62 MP: 8/8
  3736 | D:5      | Found a staircase to the Ecumenical Temple.
  3752 | D:5      | Identified the +0 leather armour of Rotation {Int+2}
  3762 | Temple   | Entered the Ecumenical Temple
  3829 | Temple   | Became a worshipper of Warmaster Okawaru
  3964 | D:5      | Found a blossoming altar of Fedhas.
  4270 | D:6      | Reached skill level 5 in Maces & Flails
  4468 | D:6      | Noticed Edmund
  4477 | D:6      | Killed Edmund
  4590 | D:6      | Reached skill level 6 in Fighting
  4620 | D:6      | Reached XP level 9. HP: 69/69 MP: 9/9
  4932 | D:6      | Reached * piety under Okawaru
  5440 | D:7      | Reached ** piety under Okawaru
  5532 | D:7      | Found a radiant altar of Vehumet.
  5580 | D:7      | Reached skill level 7 in Fighting
  5582 | D:7      | Found a shimmering blue altar of Sif Muna.
  5996 | D:8      | Noticed Joseph
  6001 | D:8      | Killed Joseph
  6001 | D:8      | Reached *** piety under Okawaru
  6002 | D:8      | Reached XP level 10. HP: 79/79 MP: 10/10
  6008 | D:8      | Identified the orb "Dido" {*channel, rPois rN+}
  6259 | D:8      | Found a glowing silver altar of Zin.
  6743 | D:9      | Found a hazy altar of Hepliaklqana.
  6788 | D:9      | Reached skill level 8 in Fighting
  6837 | D:9      | Paralysed by a hornet for 1 turns
  6987 | D:9      | Noticed an elephant
  7013 | D:9      | Killed an elephant
  7013 | D:9      | Reached **** piety under Okawaru
  7030 | D:9      | Found a staircase to the Lair.
  7068 | D:9      | Reached ***** piety under Okawaru
  7069 | D:9      | Reached XP level 11. HP: 85/87 MP: 11/11
  7357 | D:9      | Reached skill level 9 in Fighting
  7496 | D:9      | Noticed Maurice
  7509 | D:9      | Killed Maurice
  7637 | D:9      | Found Owitsas's General Store.
  7639 | D:9      | Found a shimmering altar of Xom.
  7719 | D:10     | Entered Level 10 of the Dungeon
  7807 | D:10     | Found a flagged portal.
  7823 | Bailey   | Entered a bailey
  7863 | Bailey   | Reached skill level 10 in Fighting
  7936 | Bailey   | Noticed a vault guard
  7936 | Bailey   | Noticed Prince Ribbit
  7950 | Bailey   | Noticed a vault guard
  7953 | Bailey   | Killed Prince Ribbit
  7953 | Bailey   | Identified the scarf "Iwickol" {repulsion, rElec rPois
                  | Str+2 Int+2} (Okawaru gifted it to you in a bailey)
  7953 | Bailey   | Received a gift from Okawaru
  7983 | Bailey   | Killed a vault guard
  7984 | Bailey   | Reached skill level 10 in Maces & Flails
  8095 | Bailey   | Killed a vault guard
  8317 | D:10     | Noticed a two-headed ogre
  8325 | D:10     | Killed a two-headed ogre
  8487 | D:10     | Reached skill level 11 in Fighting
  8694 | D:10     | Reached XP level 12. HP: 79/100 MP: 12/12
  8855 | D:10     | Found a glowing golden altar of the Shining One.
  8916 | D:10     | Noticed a two-headed ogre
  8924 | D:10     | Killed a two-headed ogre
  9152 | D:11     | Found a staircase to the Orcish Mines.
  9386 | D:11     | Noticed a two-headed ogre
  9394 | D:11     | Killed a two-headed ogre
  9487 | D:11     | Found a runed translucent gate.
  9487 | D:11     | Found a runed translucent gate.
  9487 | D:11     | Found a runed translucent gate.
  9507 | D:11     | Noticed a11behringer's ghost (journeyman AtBe)
  9508 | D:11     | Noticed a great orb of eyes
  9650 | D:11     | Reached skill level 12 in Fighting
  9894 | D:11     | Found a viscous altar of Jiyva.
  9932 | D:12     | Noticed a fire giant
 10247 | D:12     | Noticed a two-headed ogre
 10324 | D:12     | Identified the +0 kite shield "Ypratuklo" {rElec Will+}
                  | (Okawaru gifted it to you on level 12 of the Dungeon)
 10324 | D:12     | Received a gift from Okawaru
 10390 | D:12     | Killed a two-headed ogre
 10479 | D:12     | Reached ****** piety under Okawaru
 10721 | D:12     | Noticed a boulder beetle
 10752 | D:12     | Killed a boulder beetle
 10876 | D:12     | Noticed a boulder beetle
 11002 | D:12     | Noticed a two-headed ogre
 11022 | D:11     | Killed a boulder beetle
 11023 | D:11     | Reached XP level 13. HP: 85/109 MP: 13/13
 11051 | D:12     | Reached skill level 13 in Fighting
 11384 | Lair:1   | Entered Level 1 of the Lair of Beasts
 11507 | Lair:1   | Found a runed translucent door.
 11507 | Lair:1   | Found a shimmering altar of Xom.
 11507 | Lair:1   | Noticed bobarctor's ghost (novice DsVM)
 12100 | Lair:1   | Reached skill level 14 in Fighting
 12296 | Lair:2   | Received a gift from Okawaru
 12356 | Lair:2   | Identified the +0 troll leather armour of Resonance
                  | {Rampage rElec Regen+ Str+2} (Okawaru gifted it to you on
                  | level 2 of the Lair of Beasts)
 12356 | Lair:2   | Received a gift from Okawaru
 13282 | Lair:2   | Reached XP level 14. HP: 104/121 MP: 14/14
 13396 | Lair:2   | Found a staircase to the Shoals.
 13423 | Lair:2   | Found a hole to the Spider Nest.
 13446 | Lair:2   | Reached skill level 15 in Fighting
 13642 | Lair:2   | Reached skill level 15 in Maces & Flails
 13903 | Lair:2   | Noticed a dire elephant
 13918 | Lair:2   | Killed a dire elephant
 13918 | Lair:2   | Received a gift from Okawaru
 14267 | Lair:3   | Found a frozen archway.
 14283 | IceCv    | Entered an ice cave
 14302 | IceCv    | Received a gift from Okawaru
 14465 | IceCv    | Found a transporter.
 14478 | IceCv    | Found a transporter.
 14956 | IceCv    | Identified the +1 whip of Resourcefulness {heavy, Int+8}
 14995 | Lair:3   | Reached skill level 16 in Fighting
 15179 | Lair:3   | Identified the +10 trident of Edwoisyr {venom, Drain Fly
                  | rN+ Stlth+}
 15381 | Lair:3   | Identified the +1 quarterstaff of Painful Death {spect,
                  | rF+}
 15591 | Lair:3   | Found a snail-covered altar of Cheibriados.
 15889 | Lair:3   | Identified the +6 sling "Kueblun" {flame, Int+4}
 16081 | Lair:3   | Reached XP level 15. HP: 124/132 MP: 15/15
 16152 | Lair:4   | Found a runed translucent door.
 16153 | Lair:4   | Found a staircase to the Slime Pits.
 16238 | Lair:4   | Reached skill level 17 in Fighting
 16347 | Lair:4   | Received a gift from Okawaru
 16418 | Lair:4   | Noticed Sonja
 16425 | Lair:4   | Killed Sonja
 16761 | Lair:4   | Reached skill level 1 in Invocations
 17087 | Lair:5   | Entered Level 5 of the Lair of Beasts
 17136 | Lair:5   | Reached skill level 1 in Dodging
 17726 | Lair:5   | Identified the +0 dire flail "Plog" {speed, *Rage Int+7
                  | Dex-3 Stlth+} (Okawaru gifted it to you on level 5 of the
                  | Lair of Beasts)
 17726 | Lair:5   | Received a gift from Okawaru
 17732 | Lair:5   | Slain by a catoblepas

Illustrated notes

Levels and vault maps discovered:
D:1:      onia_arrival_zoo_common, layout_loops_cross
D:2:      layout_loops_cross, shapermc_ecumenical_altar_notcrosses, basic_altar,
          uniq_natasha
D:3:      layout_loops_cross, nicolae_uskayaw_en_pointe,
          mainiacjoe_overflow_alcove_4, minmay_misc_feat_rows, uniq_ijyb
D:4:      layout_gridville, slow_altar_1
D:5:      layout_cave_pools, fedhas_altar_1, minmay_temple_entry_slanted,
          minivault_11, uniq_eustachio
D:6:      layout_gridville, kennysheep_generic_room_13, uniq_edmund
D:7:      layout_rooms, amcnicky_altar_gilded, lemuel_tele_altar
D:8:      layout_cave_pods, zin_scriptorium, uniq_joseph
D:9:      layout_loops_corners, lemuel_doored_altar, dk_xom_monty_hall,
          david_lair_generic, serial_shops, shop_fountains, uniq_maurice
D:10:     layout_cave_pods, mainiacjoe_overflow_24_doors, enter_bailey_3,
          kennysheep_generic_room_16
D:11:     layout_cave_pools, orc_0_dummy, serial_glass, glass_columns_a,
          glass_columns_b, gammafunk_ghost_ooze
D:12:     hourglass_vault, layout_basic, serial_aquarium,
          aquarium_bridge_long_separate [aquarium_subvault_window,
          aquarium_subvault_wall, aquarium_subvault_bridge,
          aquarium_subvault_window, aquarium_subvault_bridge,
          aquarium_subvault_bridge], aquarium_bridge_square
          [aquarium_subvault_bridge, aquarium_subvault_bridge,
          aquarium_subvault_balcony, aquarium_subvault_window],
          aquarium_window_fake, aquarium_window_corridor_1, aquarium_view_2d,
          aquarium_pool_1, minmay_starry_boxes
Temple:   hc_temple_tempest_star
Lair:1:   wad_woods_structure_01, layout_chaotic_city, ebering_ghost_xom
Lair:2:   mu_elephants_graveyard, layout_chaotic_city, elwin_shoals_entry_rocks,
          nicolae_spider_entry_non_spiders
Lair:3:   layout_misc_corridors, portal_ice_cave_entry_pillars_1,
          cheibrodos_lair_caveside_slide, hangedman_lair_unloving_vines,
          minmay_lair_oklob_items, st_stairs_6, kennysheep_snail_temple,
          lemuel_fruit_fields
Lair:4:   layout_gridlike, slime_entry_2, uniq_sonja
Lair:5:   grunt_lair_end_beastmaster, layout_loops_ring,
          ebering_ghost_inner_flame, guppyfry_lair_drakes, lemuel_fruit_tree,
          serial_bayou_shore_a, serial_bayou_shore_b

Skill      XL: |  1  2  3  4  5  6  7  8  9 10 11 12 13 14 15 |
---------------+----------------------------------------------+-----
Maces & Flails | 3 4 5 6 8 10 12 14 16 | 16.0
Fighting       | 4 5 6 7 8 11 12 14 16 17 | 17.6
Armour         | 4 5 7 8 |  8.6
Shields        | 4 5 6 7 8 |  8.5
Invocations    | 2 |  2.9
Dodging        | 2 |  2.4

Action                     |  1- 3 |  4- 6 |  7- 9 | 10-12 | 13-15 || total
---------------------------+-------+-------+-------+-------+-------++-------
  Melee: Flail             |    93 |   198 |   274 |   497 |   379 ||  1441
         Eveningstar       |       |       |       |       |   510 ||   510
  Evoke: Wand              |       |       |       |     2 |     5 ||     7
    Use: Potion            |       |     4 |       |     1 |     1 ||     6
         Scroll            |       |       |    10 |    14 |     8 ||    32
   Stab: Paralysed         |       |       |       |       |     1 ||     1
 Armour: Scale mail        |    45 |   123 |       |       |       ||   168
         Chain mail        |       |       |   173 |       |       ||   173
         Plate armour      |       |       |    85 |   421 |   618 ||  1124
  Dodge: Dodged            |    37 |   113 |   124 |   114 |   235 ||   623
  Block: Buckler           |    22 |    63 |    71 |       |       ||   156
         Kite shield       |       |       |    97 |   365 |   620 ||  1082

Table legend: (Time is in decaauts)
 A = Elapsed time spent in this place.
 B = Non-inter-level travel time spent in this place.
 C = Inter-level travel time spent in this place.
 D = Time resting spent in this place.
 E = Time spent auto-exploring this place.
 F = Levels seen in this place.
 G = Mean time per level.
                   A        B        C        D        E       F      G
               +--------+--------+--------+--------+--------+-----+--------+
         Total |  18262 |  17558 |    704 |   2763 |  10236 |  20 |  913.1 |
       Dungeon |  11361 |  10774 |    587 |   1243 |   6842 |  12 |  946.8 |
        Temple |     96 |     67 |     29 |      0 |     55 |   1 |   96.0 |
          Lair |   5689 |   5601 |     88 |    888 |   3257 |   5 | 1137.8 |
        Bailey |    412 |    412 |      0 |     58 |     81 |   1 |  412.0 |
      Ice Cave |    701 |    701 |      0 |    574 |      1 |   1 |  701.0 |
               +--------+--------+--------+--------+--------+-----+--------+

Top non-repeatable levels by time:
  Lair:1: 1417 daAuts
     D:6: 1388 daAuts
  Lair:2: 1384 daAuts
  Lair:3: 1270 daAuts
    D:10: 1252 daAuts
  Lair:4: 1211 daAuts
     D:2: 1158 daAuts
     D:9: 1102 daAuts
    D:12: 1093 daAuts
    D:11: 1045 daAuts
     D:3: 880 daAuts
     D:1: 778 daAuts
     D:8: 769 daAuts
   IceCv: 701 daAuts
     D:7: 689 daAuts
